 Dungeon Crawl Stone Soup version 0.31-a0-232-gb1c03b2570 (webtiles) character file.

Game seed: 8545428009349630420

2567 Pooter the Cleaver (level 9, -7/79 HPs)
             Began as a Minotaur Berserker on July 7, 2023.
             Was a Priest of Trog.
             Mangled by a two-headed ogre
             ... wielding a +0 halberd
              (16 damage)
             ... in a bailey.
             The game lasted 00:31:46 (7173 turns).

Pooter the Cleaver (Minotaur Berserker)             Turns: 7173, Time: 00:31:47

Health: -7/79      AC: 14    Str: 25    XL:     9   Next: 31%
Magic:  8/8        EV:  7    Int:  2    God:    Trog [***...]
Gold:   724        SH:  0    Dex: 17    Spells: 8/8 levels left

rFire   . . .        a - +0 war axe (freeze)
rCold   + . .        (no shield)
rNeg    . . .        i - +1 plate armour
rPois   +            (helmet restricted)
rElec   .            A - scarf {repulsion}
rCorr   .            E - +0 pair of gloves
SInv    .            r - +0 pair of boots
Will    +....        q - amulet of the acrobat Stlth
                     B - ring of willpower
HPRegen 0.33/turn    P - ring of poison resistance
MPRegen 0.11/turn

%: repel missiles, acrobat
@: on berserk cooldown, slowed, very slow
A: horns 2, retaliatory headbutt, agile 2, cold resistance 1, evolution 1
a: Renounce Religion, Berserk, Trog's Hand


You were in a bailey.
You worshipped Trog.
Trog was most pleased with you.
You visited 1 branch of the dungeon, and saw 7 of its levels.
You also visited: Bailey.

You collected 724 gold pieces.

Inventory:

Hand Weapons
 a - a +0 war axe of freezing (weapon)
   (You took it off an orc on level 3 of the Dungeon)
 b - a +0 shortbow
   (You took it off a centaur on level 5 of the Dungeon)
 n - the +0 flail of Disintegration {drain, *Rage rPois Str+2 Dex+5}
   (You found it on level 7 of the Dungeon)

   Str:       It affects your strength (+2).
   Dex:       It affects your dexterity (+5).
   rPois:     It protects you from poison.
   *Rage:     It berserks you when you make melee attacks (+20% chance).
 t - a +0 halberd
   (You took it off an ogre in a bailey)
 H - a +0 trident
   (You took it off an orc priest on level 6 of the Dungeon)
Missiles
 y - 3 poisoned darts
 Q - 69 stones (quivered)
Armour
 i - a +1 plate armour (worn)
   (You took it off an orc warrior on level 7 of the Dungeon)
 r - a +0 pair of boots (worn)
   (You found it on level 3 of the Dungeon)
 A - a scarf of repulsion (worn)
   (You found it on level 5 of the Dungeon)
 E - a +0 pair of gloves (worn)
   (You found it on level 6 of the Dungeon)
Jewellery
 q - an amulet of the acrobat (around neck)
   (You took it off a hobgoblin on level 1 of the Dungeon)
 B - a ring of willpower (left hand)
   (You found it on level 5 of the Dungeon)
 G - an amulet of guardian spirit
   (You took it off a kobold on level 4 of the Dungeon)
 I - a ring of protection from cold
   (You found it on level 1 of the Dungeon)
 P - a ring of poison resistance (right hand)
   (You found it on level 4 of the Dungeon)
Wands
 f - a wand of flame (13)
   (You took it off Pikel on level 5 of the Dungeon)
 v - a wand of digging (2)
   (You found it on level 6 of the Dungeon)
 x - a wand of acid (9)
   (You found it on level 3 of the Dungeon)
Scrolls
 c - a scroll of vulnerability {unknown}
 k - a scroll of blinking {unknown}
 s - 2 scrolls of fog
 w - a scroll of poison
 z - 3 scrolls of noise {!r}
 C - a scroll of brand weapon
Potions
 d - a potion of heal wounds {unknown}
 e - a potion of haste {unknown}
 g - 2 potions of attraction {unknown}
 h - 3 potions of enlightenment {unknown}
 j - 3 potions of mutation {!q}
 l - a potion of cancellation {unknown}
 m - 2 potions of invisibility {unknown}
 o - a potion of ambrosia {unknown}
 p - a potion of curing {unknown}
 D - 2 potions of might {unknown}
 F - a potion of degeneration {unknown}
 J - a potion of brilliance {unknown}


   Skills:
 + Level 7.3 Fighting
 * Level 9.9 Axes
 * Level 6.3 Ranged Weapons
 - Level 2.4 Armour
 - Level 2.1 Dodging
 - Level 5.4 Stealth


You had 8 spell levels left.
You didn't know any spells.
Your spell library was empty.

Dungeon Overview and Level Annotations

Branches:
Dungeon (7/15) Zot: 26644  Temple (0/1) D:5          Bailey (1/1) Zot: 5672

Altars:
Ashenzari
Fedhas
Yredelemnul

Shops:
D:5 (   D:6 :


Innate Abilities, Weirdness & Mutations

You have a pair of horns on your head.
You reflexively headbutt those who attack you in melee.
You are very agile. (Dex +8, Str/Int -2)
Your flesh is cold resistant. (rC+)
You have hidden genetic potential.


Message History

Your +0 war axe of freezing glows with a cold blue light!
a - a +0 war axe of freezing (weapon)
You enter the shallow water.
Moving in this stuff is going to be slow.
A two-headed ogre comes into view. It is wielding two +0 halberds.
The two-headed ogre shouts in stereo!
The spriggan hits you but does no damage.
The +7 spectral quarterstaff hits you!
A +7 spectral quarterstaff comes into view.
Your unstable footing causes you to fumble your attack.
The +7 spectral quarterstaff hits you!
The spriggan hits you with a +7 spectral quarterstaff!
* * * LOW HITPOINT WARNING * * *
The +7 spectral quarterstaff hits you!
* * * LOW HITPOINT WARNING * * *
The +7 spectral quarterstaff hits you.
* * * LOW HITPOINT WARNING * * *
A red film seems to cover your vision as you go berserk!
You feel yourself moving faster!
You feel mighty!
The +7 spectral quarterstaff hits you but does no damage. x2
The spriggan hits you with a +7 spectral quarterstaff!
* * * LOW HITPOINT WARNING * * *
The +7 spectral quarterstaff hits you.
* * * LOW HITPOINT WARNING * * *
The +7 spectral quarterstaff barely misses you.
The spriggan attacks as you move away!
The spriggan hits you with a +7 spectral quarterstaff!
* * * LOW HITPOINT WARNING * * *
The +7 spectral quarterstaff hits you!
* * * LOW HITPOINT WARNING * * *
You feel a strong urge to attack something.
You see here an ogre skeleton.
You miss the spriggan. Your headbutt misses the spriggan.
You hit the +7 spectral quarterstaff.
The spriggan shares its spectral weapon's damage!
You barely miss the spriggan. You headbutt the spriggan!
You kill the spriggan!
Trog accepts your kill.
You hear a splash. x3
The +7 spectral quarterstaff disappears.
You feel a strong urge to attack something.
There is a gate leading back out of this place here.
You are no longer berserk.
You are exhausted.
You feel yourself slow down.
The two-headed ogre hits you but does no damage.
The two-headed ogre misses you.
You feel a genetic drift.
You feel agile.
The two-headed ogre hits you from afar with a +0 halberd!
You die...

#######
###.....###
##.........##
##...........##
#....∩...@....#
##...........##
##...)÷O...##
###~~~)~###
#~~~~~# #~~~~~#
#.......#
#.........#
#..#####♣#..#


You could see a two-headed ogre.

Vanquished Creatures
  Pikel (D:5)
  Sigmund (D:2)
  2 spriggans (Bailey)
  An orc warrior (D:7)
  2 black bears
  A centaur (D:5)
  3 lemures (D:4)
  2 ogres
  A howler monkey (D:4)
  3 crimson imps (D:7)
  3 hounds
  A gnoll bouda (D:5)
  2 jellies
  3 orc priests
  Ijyb (D:5)
  9 iguanas
  A sleepcap (D:7)
  Natasha (thrice) (D:2)
  6 orc wizards
  4 gnolls
  6 adders
  A shadow imp (D:7)
  6 white imps
  3 ufetubi
  2 worms
  2 dart slugs
  15 orcs
  12 endoplasms
  3 giant cockroaches
  13 goblins
  9 hobgoblins
  6 jackals
  4 kobolds
  6 quokkas
  4 ball pythons (D:1)
  8 bats
  3 rats
153 creatures vanquished.

Notes
Turn   | Place    | Note
-------+----------+-------------------------------------------
     0 | D:1      | Pooter the Minotaur Berserker began the quest for the Orb.
     0 | D:1      | Reached XP level 1. HP: 19/19 MP: 0/0
   144 | D:1      | Reached XP level 2. HP: 24/27 MP: 1/1
   204 | D:1      | Reached skill level 4 in Axes
   207 | D:1      | Reached skill level 1 in Stealth
   248 | D:1      | Found a blossoming altar of Fedhas.
   880 | D:2      | Reached XP level 3. HP: 33/33 MP: 2/2
  1054 | D:2      | Reached ** piety under Trog
  1147 | D:2      | Reached XP level 4. HP: 39/40 MP: 3/3
  1214 | D:2      | Noticed Sigmund
  1457 | D:2      | Killed Sigmund
  1458 | D:2      | Reached skill level 5 in Axes
  1458 | D:2      | Reached skill level 1 in Ranged Weapons
  1458 | D:2      | Reached XP level 5. HP: 47/47 MP: 4/4
  1618 | D:2      | Noticed Natasha
  1628 | D:2      | Killed Natasha
  1629 | D:2      | Reached XP level 6. HP: 36/53 MP: 5/5
  1660 | D:2      | Noticed Natasha
  1841 | D:2      | Killed Natasha
  2030 | D:2      | Noticed Natasha
  2037 | D:2      | Killed Natasha
  2949 | D:4      | Reached skill level 6 in Axes
  3051 | D:4      | Reached skill level 5 in Fighting
  3061 | D:4      | Reached XP level 7. HP: 28/61 MP: 6/6
  3862 | D:5      | Entered Level 5 of the Dungeon
  3954 | D:5      | Noticed Ijyb
  3962 | D:5      | Noticed Pikel
  3971 | D:5      | Reached skill level 7 in Axes
  4540 | D:5      | Found Xowelot's Weapon Shoppe.
  4661 | D:5      | Killed Pikel
  4662 | D:5      | Reached skill level 8 in Axes
  4662 | D:5      | Reached skill level 5 in Stealth
  4662 | D:5      | Reached XP level 8. HP: 43/70 MP: 7/7
  4907 | D:5      | You fall into a shaft and drop 1 floor!
  5028 | D:5      | Found a staircase to the Ecumenical Temple.
  5150 | D:5      | Killed Ijyb
  5399 | D:5      | Gained mutation: Your flesh is cold resistant. (rC+)
                  | [potion of mutation]
  5399 | D:5      | Gained mutation: You are agile. (Dex +4, Str/Int -1)
                  | [potion of mutation]
  5399 | D:5      | Gained mutation: You have hidden genetic potential. [potion
                  | of mutation]
  5885 | D:6      | Found Waub's Tiny Tomes.
  6050 | D:6      | Reached skill level 9 in Axes
  6050 | D:6      | Reached skill level 5 in Ranged Weapons
  6570 | D:7      | Found a basalt altar of Yredelemnul.
  6611 | D:7      | Reached XP level 9. HP: 59/78 MP: 8/8
  6712 | D:7      | Found a broken altar of Ashenzari.
  6789 | D:7      | Reached *** piety under Trog
  6824 | D:7      | Found a flagged portal.
  6830 | D:7      | Identified the +0 flail of Disintegration {drain, *Rage
                  | rPois Str+2 Dex+5}
  6848 | Bailey   | Entered a bailey
  7163 | Bailey   | Noticed a two-headed ogre
  7172 | Bailey   | Gained mutation: You are very agile. (Dex +8, Str/Int -2)
                  | [hidden potential]
  7173 | Bailey   | Mangled by a two-headed ogre

Illustrated notes

Levels and vault maps discovered:
D:1:      dpeg_arrival_three_same_balls, layout_basic, minmay_hexomino_r4
D:2:      layout_basic, uniq_natasha, uniq_sigmund
D:3:      layout_basic
D:4:      layout_basic, minmay_puff
D:5:      layout_rooms, minmay_temple_entry_drinking_statues, serial_shops,
          nicolae_shop_bloodbath_and_beyond, minmay_checkerbox, uniq_pikel,
          uniq_ijyb
D:6:      cheibrodos_iron_armory, layout_cave_pods,
          nicolae_shop_i_like_small_books_too, serial_bayou_crossing
D:7:      layout_loops_cross, mainiacjoe_overflow_catch_the_wave,
          enter_bailey_5, minmay_nine_imps
Bailey:   bailey_polearm_enchanted_keep_hellmonk, bailey

Skill      XL: |  1  2  3  4  5  6  7  8  9 |
---------------+----------------------------+-----
Axes           | 4 5 6 8 9 |  9.9
Stealth        | 1 3 5 |  5.4
Fighting       | 4 5 6 7 |  7.3
Ranged Weapons | 1 2 3 5 6 |  6.3
Armour         | |  2.4
Dodging        | |  2.1

Action                     |  1- 3 |  4- 6 |  7- 9 || total
---------------------------+-------+-------+-------++-------
  Melee: Hand axe          |    61 |    59 |       ||   120
         Headbutt          |    12 |     3 |    29 ||    44
         War axe           |       |    16 |   181 ||   197
         Punch             |       |     1 |     3 ||     4
   Fire: Sling             |       |     8 |    50 ||    58
         Shortbow          |       |       |    50 ||    50
  Throw: Stone             |       |     5 |     1 ||     6
         Dart              |       |       |     3 ||     3
 Invoke: Berserk           |     1 |     5 |     8 ||    14
         Trog's Hand       |       |     1 |     6 ||     7
  Evoke: Wand              |       |       |     5 ||     5
    Use: Scroll            |       |       |     9 ||     9
         Potion            |       |       |     1 ||     1
   Stab: Sleeping          |     1 |     2 |     1 ||     4
 Armour: Animal skin       |     9 |    11 |     1 ||    21
         Ring mail         |       |       |    52 ||    52
         Plate armour      |       |       |    25 ||    25
  Dodge: Dodged            |    49 |    57 |   107 ||   213
         Repelled          |       |       |     3 ||     3

Table legend: (Time is in decaauts)
 A = Elapsed time spent in this place.
 B = Non-inter-level travel time spent in this place.
 C = Inter-level travel time spent in this place.
 D = Time resting spent in this place.
 E = Time spent auto-exploring this place.
 F = Levels seen in this place.
 G = Mean time per level.
                   A        B        C        D        E       F      G
               +--------+--------+--------+--------+--------+-----+--------+
         Total |   7347 |   7240 |    107 |   2419 |   3397 |   8 |  918.4 |
       Dungeon |   7021 |   6914 |    107 |   2134 |   3397 |   7 | 1003.0 |
        Bailey |    326 |    326 |      0 |    285 |      0 |   1 |  326.0 |
               +--------+--------+--------+--------+--------+-----+--------+

Top non-repeatable levels by time:
     D:5: 1479 daAuts
     D:2: 1376 daAuts
     D:4: 1181 daAuts
     D:6: 1010 daAuts
     D:1: 866 daAuts
     D:3: 752 daAuts
     D:7: 355 daAuts
  Bailey: 326 daAuts
